 Dungeon Crawl Stone Soup version 0.14-a0-1773-ge500af7 (webtiles) character file.

87764 ReteAZ the Severer (level 15, -4/124 (126) HPs)
             Began as a Deep Dwarf Earth Elementalist on Jan 5, 2014.
             Was the Champion of Makhleb.
             Slain by an orc warlord
             ... wielding a -1,+2 orcish great sword
              (30 damage)
             ... on Level 4 of the Orcish Mines on Jan 6, 2014.
             The game lasted 04:51:08 (32145 turns).

ReteAZ the Severer (Deep Dwarf Earth Elementalist) Turns: 32145, Time: 04:51:24

HP  -4/124 (126) AC 23     Str 11      XL: 15   Next: 36%
MP  26/27        EV 18     Int 20      God: Makhleb [******]
Gold 2763        SH  0     Dex 14      Spells:  8 memorised,  3 levels left

rFire  . . .     SeeInvis .     F - +3,+2 battleaxe (freeze)
rCold  . . .     Clarity  .     V - +1 steam dragon armour
rNeg   + . .     Conserve +     (no shield)
rPois  .         rCorr    .     z - +0 helmet (curse)
rElec  .         rRot     .     c - +0 orc cloak
SustAb . .       Spirit   .     g - +2 pair of gloves
rMut   .         Warding  .     B - +1 pair of boots
Saprov . . .     Stasis   .     x - amulet of conservation
                                Q - ring of protection from magic
                                f - +4 ring of protection

@: non-regenerating, stone skin, extremely resistant to hostile enchantments,
fairly stealthy
A: damage resistance, recharge devices, dopey 1, herbivore 1, life protection 1,
sense surroundings 2, slow healing 3
a: Device Recharging, Minor Destruction, Lesser Servant of Makhleb, Major
Destruction, Greater Servant of Makhleb, Renounce Religion


You were on level 4 of the Orcish Mines.
You worshipped Makhleb.
Makhleb was exalted by your worship.
You were not hungry.

You visited 4 branches of the dungeon, and saw 29 of its levels.
You also visited: Labyrinth, Sewer and Ice Cave.

You collected 3008 gold pieces.
You spent 245 gold pieces at shops.

Inventory:

Hand weapons
 F - a +3,+2 battleaxe of freezing (weapon)
Missiles
 m - 93 stones (quivered)
Armour
 c - a +0 orcish cloak (worn)
 g - a +2 pair of gloves (worn)
 z - a cursed +0 helmet (worn)
 B - a +1 pair of boots (worn)
 V - a +1 steam dragon armour (worn)
Magical devices
 a - a wand of heal wounds (5)
 d - a wand of draining (0)
 k - a wand of slowing (12)
 l - a wand of digging (14)
 v - a wand of hasting (3)
 A - a wand of disintegration (9)
 N - a wand of teleportation (3)
 P - a wand of heal wounds (0)
Comestibles
 i - 6 apricots
 j - 2 chunks of orc flesh
 M - 3 bread rations
 U - 5 meat rations
Scrolls
 e - a scroll of enchant armour
 p - 5 scrolls of remove curse
 q - 2 scrolls of blinking
 D - a scroll of enchant weapon I
 G - a scroll of enchant weapon II
 I - a scroll of fog
 J - 2 scrolls of fear
Jewellery
 f - a +4 ring of protection (left hand)
 r - the ring "Ciwnitob" {+Blink rN+ Dex+2}
   (You found it on level 8 of the Lair of Beasts)

   [ring of positive energy]

   It affects your dexterity (+2).
   It lets you blink.
 s - an uncursed amulet of resist mutation
 t - the amulet of Cekugob {Ward -Tele Hunger rElec rPois rN+ AC+1 EV+1}
   (You found it in a labyrinth)

   [amulet of warding]

   It affects your AC (+1).
   It affects your evasion (+1).
   It insulates you from electricity.
   It protects you from poison.
   It protects you from negative energy.
   It prevents most forms of teleportation.
   It speeds your metabolism.
 x - an amulet of conservation (around neck)
 L - an uncursed amulet of resist corrosion
 Q - a ring of protection from magic (right hand)
Potions
 u - 3 potions of curing
 O - a potion of mutation
Books
 b - a book of Spatial Translocations

   Spells                             Type                      Level
   Apportation                        Translocation                1
   Portal Projectile                  Translocation                2
   *Blink                             Translocation                2
   Shroud of Golubria                 Charms/Translocation         2
   Teleport Other                     Translocation                3
   Passage of Golubria                Translocation                4
 y - a Necronomicon {highlevel}

   This book is beyond your current level of understanding.

   Spells                             Type                      Level
   Haunt                              Necromancy/Summoning         7
   Borgnjor's Revivification          Necromancy                   8
   Death's Door                       Charms/Necromancy            8
   Necromutation                      Transmutation/Necromancy     8


   Skills:
 - Level 6.0 Fighting
 + Level 18.8 Axes
 - Level 5.0 Armour
 + Level 10.0 Dodging
 - Level 2.4 Stealth
 - Level 5.0 Spellcasting
 - Level 7.0 Charms
 - Level 4.0 Translocations
 - Level 2.0 Transmutations
 - Level 14.0 Earth Magic
 - Level 10.0 Invocations
 - Level 5.1 Evocations


You had 3 spell levels left.
You knew the following spells:

 Your Spells              Type           Power        Failure   Level  Hunger
a - Sandblast             Erth           ######       1%          1    None
b - Stoneskin             Trmt/Erth      #####.....   1%          2    None
c - Stone Arrow           Conj/Erth      ####..       1%          3    ##.....
d - Lee's Rapid Deconstr  Erth           ######....   1%          5    #####..
e - Dig                   Erth           ######..     1%          4    ####...
f - Swiftness             Chrm/Air       ###.....     4%          2    None
g - Repel Missiles        Chrm/Air       ###.......   4%          2    None
h - Blink                 Tloc           N/A          3%          2    None


Dungeon Overview and Level Annotations

Branches:
Dungeon (16/16)            Temple (1/1) D:4             Orc (4/4) D:10
    Elf (0/3) Orc:3          Lair (8/8) D:10         Shoals (0/5) Lair:3
  Snake (0/5) Lair:5       Vaults (0/5) D:15
  Slime: Lair:6-8    Depths: D:16

Altars:
Ashenzari
Cheibriados
Elyvilon
Fedhas
Kikubaaqudgha
Makhleb
Nemelex Xobeh
Okawaru
Sif Muna
Trog
Vehumet
Xom
Yredelemnul
Zin
the Shining One
Beogh

Shops:
D:5 *   D:8 ?   D:15 *   Orc:2 ?   Orc:4 =[

Portals:
Trove: D:14 (show abyssal rune of Zot)

Annotations:
D:5 M4edhros' ghost, experienced OpFi
D:9 Herrn's ghost, experienced MiFi; Joseph
D:14 TROVE WANTS ABYSSAL RUNE, exclusion: Roxanne, Roxanne
Lair:3 exclusion: oklob plant


Innate Abilities, Weirdness & Mutations

You are resistant to damage.
You can recharge devices by infusing magical energy.
You resist negative energy.
You passively map the area around you.
You do not heal naturally.
You are dopey. (Int -2)
You digest meat inefficiently.


Message History

You hit the orc warlord but do no damage.
You barely miss the troll.
The troll is severely wounded.
The orc warlord hits you with an orcish great sword!
* * * LOW HITPOINT WARNING * * *
The orc knight misses you. The troll bites you.
The troll claws you but does no damage. The troll closely misses you.
You hit the orc sorcerer but do no damage.
You slice the troll!! You freeze the troll.
You kill the troll!
Makhleb accepts your kill.
You feel a little better.
You slash the orc warlord! You freeze the orc warlord.
The orc warlord is lightly wounded.
The red devil hits you but does no damage.
You are electrocuted!
* * * LOW HITPOINT WARNING * * *
Something hits the fungus!
The orc warlord hits you with an orcish great sword!
You die...

,...........# ,
** #.........##
, #..#........#
,
,#.........#.##
, ,..........##
, *.##........#
, *##.......# ,
***, *
#..)...##
##@..### **
...#####o%o..#
* #.f..f4o...##
* ...f..o.o####
* ......f.# *
.......f.* *
,.........
o.∩.....# ,,
,.....f.#


You could see an orc warlord, an orc knight (frenzied), an orc high priest
(frenzied), an orc sorcerer (frenzied), a red devil and an orc warrior
(frenzied).

Vanquished Creatures
  Snorg (D:16)
  A minotaur (Lab)
  2 vault guards (D:15)
  An ogre mage (D:16)
  Fannar (D:12)
  Josephine (D:12)
  10 hydras
  4 orc high priests (Orc:4)
  7 centaur warriors
  A rakshasa (D:15)
  Urug (D:16)
  Nergalle (Lair:4)
  3 skeletal warriors (D:16)
  3 unseen horrors
  2 hill giants
  3 cyclopes
  2 orc knights
  A cyclops (shapeshifter) (D:15)
  2 orc sorcerers (Orc:4)
  A fire giant skeleton (D:16)
  12 slime creatures
  4 elephants (Lair:7)
  2 griffons
  7 black mambas
  7 spiny frogs
  A spriggan (shapeshifter) (D:13)
  2 fire drakes
  Grinder (D:3)
  3 two-headed ogres
  2 hydra zombies (D:15)
  9 trolls
  9 komodo dragons
  A spectral orc (Lair:4)
  24 blink frogs
  A boulder beetle (Lair:8)
  A griffon zombie (D:13)
  4 wyverns
  A boulder beetle (shapeshifter) (D:11)
  16 ugly things
  5 basilisks
  2 wraiths
  2 elephant slugs
  A trapdoor spider (Lab)
  A shadow (D:13)
  2 griffon skeletons
  2 hungry ghosts
  A steam dragon (Lair:3)
  Eustachio (D:10)
  A wandering mushroom (D:14)
  6 sharks
  63 yaks
  Grum (D:12)
  13 hippogriffs
  6 vampire mosquitoes
  17 wolves
  3 hill giant skeletons (D:12)
  2 necrophages
  4 ice beasts
  A soldier ant (D:11)
  2 mottled dragons
  14 orc warriors
  3 phantoms
  9 porcupines
  4 black bears
  2 giant goldfish
  10 ogres
  2 nagas (Lair:5)
  4 sky beasts
  2 yellow wasps
  2 boring beetles (Lair:8)
  A fire crab zombie (D:15)
  Duvessa (D:9)
  14 centaurs
  3 big kobolds
  19 crocodiles
  A warg (Orc:3)
  10 giant slugs
  A spiny worm simulacrum (D:16)
  2 cyclops zombies
  22 giant frogs
  12 agate snails
  9 water moccasins
  A hippogriff zombie (D:11)
  15 killer bees
  A cyclops skeleton (D:14)
  A boulder beetle zombie (D:15)
  6 crimson imps
  2 electric eels
  3 jellyfish
  4 wights (D:14)
  Dowan (D:9)
  A centaur zombie (D:5)
  17 orc priests
  5 goliath beetles
  11 hounds
  17 orc wizards
  Crazy Yiuf (D:4)
  A big fish (Lair:3)
  A giant frog skeleton (D:12)
  A giant frog zombie (D:5)
  A basilisk skeleton (D:12)
  6 jellies
  A quasit (D:5)
  3 scorpions
  8 worker ants
  8 iguanas
  21 sheep
  2 big kobold zombies
  Ijyb (D:7)
  A crocodile zombie (D:8)
  A two-headed ogre simulacrum (D:12)
  2 mummies
  79 green rats
  A lemure (Orc:4)
  5 giant centipedes
  A worm zombie (D:5)
  25 adders
  5 giant mites
  12 white imps (Lair:5)
  10 worms
  An adder zombie (D:6)
  An adder skeleton (D:5)
  19 grey rats
  A giant eyeball (D:5)
  7 giant geckos
  5 oozes
  115 orcs
  23 goblins
  17 hobgoblins
  15 jackals
  29 kobolds
  13 quokkas
  15 ball pythons
  20 bats
  5 giant cockroaches
  2 giant newts
  A giant newt skeleton (D:5)
  2 giant spores
  A hobgoblin skeleton (D:7)
  An illusory rakshasa (D:15)
  A jackal skeleton (D:4)
  An orc zombie (Orc:4)
  26 rats
  6 ballistomycetes
  7 fungi
  2 plants (Lair:2)
1056 creatures vanquished.

Vanquished Creatures (others)
  A catoblepas simulacrum (D:15)
  An electric eel (Lair:3)
  An illusory rakshasa (D:15)
  2 ballistomycetes
  5 fungi
  A plant (D:10)
11 creatures vanquished.

Grand Total: 1067 creatures vanquished

Notes
Turn   | Place    | Note
--------------------------------------------------------------
     0 | D:1      | ReteAZ, the Deep Dwarf Earth Elementalist, began the quest for the Orb.
     0 | D:1      | Reached XP level 1. HP: 15/15 MP: 2/2
   206 | D:1      | Reached XP level 2. HP: 22/22 MP: 2/4
   313 | D:1      | Learned a level 2 spell: Stoneskin
   515 | D:1      | Reached skill level 5 in Earth Magic
   903 | D:2      | Reached XP level 3. HP: 26/28 MP: 0/6
  1060 | D:2      | Reached skill level 6 in Earth Magic
  1067 | D:2      | Learned a level 3 spell: Stone Arrow
  1126 | D:2      | Reached XP level 4. HP: 33/36 MP: 4/7
  1296 | D:2      | Found a shattered altar of Ashenzari.
  1967 | D:3      | Reached skill level 7 in Earth Magic
  2034 | D:3      | Noticed Grinder
  2062 | D:3      | Paralysed by Grinder for 3 turns
  2089 | D:3      | Killed Grinder
  2089 | D:3      | Reached skill level 9 in Earth Magic
  2089 | D:3      | Reached XP level 5. HP: 25/42 MP: 1/9
  2089 | D:3      | Reached XP level 6. HP: 29/49 MP: 1/10
  2323 | D:3      | Noticed an ogre
  2336 | D:3      | Killed an ogre
  2418 | D:3      | Noticed a centaur
  2422 | D:3      | Killed a centaur
  2422 | D:3      | Reached skill level 10 in Earth Magic
  2453 | D:3      | Reached XP level 7. HP: 26/55 MP: 10/12
  2569 | D:3      | Found a glowing drain.
  2586 | Sewer    | Entered a sewer
  3104 | Sewer    | Reached skill level 11 in Earth Magic
  3117 | Sewer    | Reached skill level 1 in Fighting
  3724 | D:4      | Found a staircase to the Ecumenical Temple.
  3730 | Temple   | Entered the Ecumenical Temple
  3763 | Temple   | Became a worshipper of Makhleb the Destroyer
  4333 | D:4      | Reached XP level 8. HP: 32/68 MP: 4/13
  4356 | D:4      | Acquired Makhleb's first power
  4580 | D:4      | Noticed Crazy Yiuf
  4587 | D:4      | Killed Crazy Yiuf
  4679 | D:5      | Entered Level 5 of the Dungeon
  4694 | D:5      | Paralysed by a giant eyeball for 4 turns
  5019 | D:5      | Found Ehojuiruacs' General Store.
  5038 | D:5      | Bought 12 stones for 14 gold pieces
  5250 | D:5      | Reached skill level 5 in Dodging
  5702 | D:5      | Noticed M4edhros' ghost (experienced OpFi)
  5779 | D:6      | Acquired Makhleb's second power
  5855 | D:6      | Learned a level 5 spell: Lee's Rapid Deconstruction
  6370 | D:6      | Reached skill level 5 in Fighting
  6447 | D:6      | Gained mutation: You passively map the area around you. [level up]
  6447 | D:6      | Reached XP level 9. HP: 32/81 MP: 13/19
  6505 | D:6      | Reached skill level 1 in Invocations
  6505 | D:6      | Reached skill level 1 in Evocations
  7264 | D:7      | Noticed Ijyb
  7292 | D:7      | Killed Ijyb
  7676 | D:8      | Reached skill level 12 in Earth Magic
  8094 | D:8      | Acquired Makhleb's third power
  8122 | D:8      | Found Ittis' Magic Scroll Shoppe.
  8245 | D:8      | Reached skill level 5 in Evocations
  8333 | D:8      | Bought a scroll of recharging for 77 gold pieces
  8473 | D:8      | Reached skill level 5 in Invocations
  8585 | D:8      | Reached skill level 13 in Earth Magic
  9079 | D:9      | Noticed Herrn's ghost (experienced MiFi)
  9083 | D:9      | Reached skill level 1 in Axes
  9083 | D:9      | Reached XP level 10. HP: 47/88 MP: 18/20
  9162 | D:7      | Acquired Makhleb's fourth power
  9456 | D:8      | Learned a level 4 spell: Dig
 10048 | D:9      | Noticed Joseph
 10061 | D:9      | Noticed Eustachio
 10083 | D:9      | Noticed Duvessa
 10083 | D:9      | Noticed Dowan
 10091 | D:9      | Killed Duvessa
 10100 | D:9      | Killed Dowan
 10172 | D:10     | Entered Level 10 of the Dungeon
 10299 | D:10     | Reached skill level 5 in Axes
 10410 | D:10     | Killed Eustachio
 10448 | D:10     | Killed an unseen horror
 10762 | D:9      | Acquired Makhleb's fifth power
 10962 | D:10     | Reached XP level 11. HP: 68/96 MP: 14/22
 11214 | D:10     | Killed an unseen horror
 11482 | D:10     | Found a staircase to the Lair.
 11549 | D:10     | Found a staircase to the Orcish Mines.
 11877 | D:10     | Reached skill level 10 in Axes
 11922 | Lair:1   | Entered Level 1 of the Lair of Beasts
 12169 | Lair:1   | Reached skill level 1 in Transmutations
 13262 | Lair:2   | Reached skill level 5 in Spellcasting
 13676 | Lair:2   | Noticed a five-headed hydra
 13752 | Lair:2   | Killed a five-headed hydra
 14031 | Lair:2   | Got a crude ring mail
 14044 | Lair:2   | Identified the cursed +5 ring mail of the Locust {Dex+5 Int-2} (You found it on level 2 of the Lair of Beasts)
 14300 | Lair:2   | Reached XP level 12. HP: 64/103 MP: 15/24
 14732 | Lair:3   | Found a labyrinth entrance.
 14740 | Lab      | Entered a labyrinth
 16943 | Lab      | Noticed a minotaur
 16958 | Lab      | Killed a minotaur
 16958 | Lab      | Reached skill level 10 in Invocations
 16966 | Lab      | Got an obsidian-encrusted scale mail
 17116 | Lair:3   | Identified the +1 scale mail of Noinn {Dex+2} (You found it in a labyrinth)
 17459 | Lair:3   | Found a staircase to the Shoals.
 17919 | Lair:2   | Noticed a five-headed hydra
 18696 | Lair:4   | Noticed Nergalle
 18745 | Lair:4   | Killed Nergalle
 18745 | Lair:4   | Reached skill level 14 in Axes
 19211 | Lair:5   | Found a frozen archway.
 19293 | IceCv    | Entered an ice cave
 19416 | Lair:5   | Found a snail-covered altar of Cheibriados.
 19524 | Lair:5   | Found a staircase to the Snake Pit.
 19880 | Lair:5   | Identified a scroll of acquirement
 20030 | Lair:6   | Reached skill level 15 in Axes
 20246 | Lair:6   | Got a transparent demon blade
 20418 | Lair:6   | Reached skill level 1 in Armour
 20590 | Lair:6   | Noticed a seven-headed hydra
 20601 | Lair:6   | Killed a seven-headed hydra
 20749 | Lair:7   | Noticed a six-headed hydra
 20857 | Lair:7   | Identified the Papyrus of Enhancements (You found it on level 7 of the Lair of Beasts)
 20906 | Lair:7   | Noticed a five-headed hydra
 20920 | Lair:7   | Killed a five-headed hydra
 20920 | Lair:7   | Reached XP level 13. HP: 96/109 MP: 0/26
 21132 | Lair:7   | Noticed a six-headed hydra
 21150 | Lair:7   | Killed a six-headed hydra
 21354 | Lair:7   | Killed a six-headed hydra
 21561 | Lair:7   | Learned a level 2 spell: Swiftness
 21564 | Lair:7   | Learned a level 2 spell: Repel Missiles
 21646 | Lair:7   | Reached skill level 1 in Charms
 21670 | Lair:7   | Reached skill level 5 in Armour
 21760 | Lair:7   | Noticed a five-headed hydra
 21770 | Lair:7   | Killed a six-headed hydra
 21922 | Lair:8   | Entered Level 8 of the Lair of Beasts
 22759 | Lair:8   | Reached skill level 5 in Charms
 22861 | Lair:8   | Got a flickering glass ring
 22870 | Lair:8   | Identified the ring "Ciwnitob" {+Blink rN+ Dex+2} (You found it on level 8 of the Lair of Beasts)
 23662 | D:11     | Identified the Collected Works on Flames
 23872 | D:11     | Learned a level 2 spell: Blink
 24370 | D:11     | Reached skill level 1 in Translocations
 24477 | D:12     | Noticed Josephine
 24497 | D:12     | Killed Josephine
 24497 | D:12     | Gained mutation: You resist negative energy. [level up]
 24497 | D:12     | Reached XP level 14. HP: 114/120 MP: 25/26
 25037 | D:12     | Noticed Fannar
 25054 | D:12     | Killed Fannar
 25133 | D:12     | Noticed Grum
 25142 | D:12     | Killed Grum
 26143 | D:13     | Identified the +6,+10 demon blade of Extremism {vamp, rF-} (You found it on level 6 of the Lair of Beasts)
 26441 | D:13     | Reached skill level 16 in Axes
 26748 | D:14     | Noticed Roxanne
 27327 | D:14     | Found a portal to a secret trove of treasure.
 27515 | D:15     | Entered Level 15 of the Dungeon
 28151 | D:15     | Reached skill level 17 in Axes
 28336 | D:15     | Found Skaitin's Assorted Antiques.
 28760 | D:15     | Found a gate to the Vaults.
 28863 | D:14     | Upgraded the game from 0.14-a0-1765-g49ce880 to 0.14-a0-1773-ge500af7
 29279 | D:16     | Entered Level 16 of the Dungeon
 29485 | D:16     | Reached skill level 18 in Axes
 29485 | D:16     | Reached XP level 15. HP: 124/124 MP: 27/27
 29576 | D:16     | Noticed Urug
 29591 | D:16     | Killed Urug
 29940 | D:16     | Noticed Snorg
 29968 | D:16     | Killed Snorg
 30498 | Orc:1    | Entered Level 1 of the Orcish Mines
 30640 | Orc:2    | Found Pukhli Geso's Magic Scroll Shop.
 30653 | Orc:2    | Bought a scroll of blinking for 77 gold pieces
 30653 | Orc:2    | Bought a scroll of blinking for 77 gold pieces
 30656 | Orc:2    | Found a roughly hewn altar of Beogh.
 30852 | Orc:1    | Found a bloodstained altar of Trog.
 31609 | Orc:3    | Found a roughly hewn altar of Beogh.
 31723 | Orc:3    | Found a staircase to the Elven Halls.
 31891 | Orc:4    | Entered Level 4 of the Orcish Mines
 31944 | Orc:4    | Found Mugu's Jewellery Shop.
 32054 | Orc:4    | Gained mutation: You are dopey. (Int -2) [a neqoxec]
 32056 | Orc:4    | Gained mutation: You digest meat inefficiently. [a neqoxec]
 32059 | Orc:4    | Reached skill level 10 in Dodging
 32133 | Orc:4    | Found Shruinun's Antique Armour Shoppe.
 32145 | Orc:4    | Slain by an orc warlord

Action                   |  1- 3 |  4- 6 |  7- 9 | 10-12 | 13-15 || total
-------------------------+-------+-------+-------+-------+-------++-------
Melee: Whip              |       |     5 |    18 |       |       ||    23
       Dagger            |       |       |   105 |       |       ||   105
       Hand axe          |       |       |    41 |   761 |       ||   802
       Battleaxe         |       |       |       |   490 |  1698 ||  2188
 Fire: Sling             |    14 |       |       |       |       ||    14
       Bow               |       |       |   203 |    26 |       ||   229
Throw: Dart              |    11 |     1 |    23 |    45 |       ||    80
       Stone             |       |       |     1 |       |     7 ||     8
 Cast: Sandblast         |    42 |    38 |   203 |     8 |   107 ||   398
       Stone Arrow       |       |     6 |   106 |   277 |   131 ||   520
       Stoneskin         |       |     2 |    29 |    57 |    66 ||   154
       Dig               |       |       |       |     2 |     3 ||     5
       Swiftness         |       |       |       |       |     7 ||     7
       Repel Missiles    |       |       |       |       |    16 ||    16
       Lee's Rapid Decon |       |       |       |       |     5 ||     5
Invok: Lesser Servant of |       |       |       |     1 |       ||     1
       Greater Servant o |       |       |       |       |     1 ||     1
 Abil: Device Recharging |       |       |       |     1 |       ||     1
Evoke: Wand              |       |       |     9 |    13 |    26 ||    48
  Use: Potion            |       |       |     4 |     8 |    13 ||    25
       Scroll            |       |       |    12 |    36 |    18 ||    66
 Stab: Sleeping          |       |       |       |     8 |     8 ||    16
       Distracted        |       |       |       |       |     4 ||     4
